Unix NetHack Version 5.0.0-0 post-release - last build Jun 10 2026 00:39:30 (3ee93aec679c4c4259841fe613dc97188e26a321,branch:main).

Game began 2026-06-13 14:42:23, ended 2026-06-13 14:56:23.

LDaviesPeters, neutral female human Archeologist

                                          --------
     -------         ----------------     |......|
     |......##       |..............|     |...`..|               -------
     |.....|        #...............|     |......|               |.....|
     |..>..-#       #|.........<....|    #-.^....|             ##.....:|
     |.....|#       #-----------.----#####--.--+--##`######    # |.....|
     -------#     ###      ######    #      B########%    #######......|
            #    ##        #         #         #     ##      #   -------
            #    #         #         #         #      #      #
            #    #     ----.-------- #         #      #####  #
            #    #     |...........|##      ---.----------|- #
          ###   ##     |..........%|#       |...............##
          #-----#      |...........|#       |..............|
          #|.(^|#      |............#       |..............|
          #|{..-#      -------------        |..............|
          #-...|                            ----------------
           -----

LDaviesPeters the Field Worker  St:11 Dx:13 Co:11 In:16 Wi:15 Ch:9  Neutral
Dlvl:4  $:0  HP:0(18) Pw:12(12) AC:9  Xp:3 T:1874 

Latest messages:
 You miss the kobold zombie.
 You destroy the kobold zombie!
 You see here a kobold corpse.
 You kill the lichen!
 There is a doorway here.
 You see here a lichen corpse.
 There is a lichen corpse here; eat it? [ynq] (n) y
 This lichen corpse tastes okay.
 You finish eating the lichen corpse.
 You find a hidden door.
 You see here 5 gold pieces.
 $ - 5 gold pieces.
 You see here a statue of a gecko.
 What do you want to use or apply? [abfgi-kp or ?*] b
 You put 5 gold pieces into the sack.
 With great effort you move the boulder.
 You find a hidden passage.
 The door resists!
 The door opens.
 You are beginning to feel hungry.
 You see here a statue of a gecko.
 You hear water falling on coins.
 What do you want to eat? [dqs or ?*] ?
 This food really hits the spot!
 You finish eating the food ration.
 The newt bites!
 You kill the newt!
 You see here a newt corpse.
 There is a newt corpse here; eat it? [ynq] (n) y
 This newt corpse tastes terrible!
 You finish eating the newt corpse.
 You miss the green mold.
 You kill the green mold!
 You are splashed by the green mold's acid!
 You see here a green mold corpse.
 You see here a kobold corpse.
 You find a rolling boulder trap.
 You see here a kobold corpse.
 You miss the giant bat.
 The giant bat strikes at thin air!
 The giant bat snaps wildly and misses!
 You miss the giant bat.
 The giant bat bites!
 You lash the giant bat.
 The giant bat bites!
 The giant bat bites!
 You lash the giant bat.
 The giant bat bites!
 You die...
 Do you want your possessions identified? [ynq] (y) q

Inventory:
 Weapons  (')')
  m - 7 blessed +1 arrows (in quiver)
  l - a +4 arrow
  n - 8 cursed -1 darts
  t - a blessed +1 elven dagger
  v - a +0 elven dagger
  a - a +2 bullwhip (weapon in right hand)
 Armor    ('[')
  c - an uncursed +0 fedora (being worn)
  h - an uncursed +0 leather jacket (being worn)
 Comestibles  ('%')
  s - an uncursed slime mold
  q - 2 uncursed cram rations
  d - 8 uncursed food rations
 Rings    ('=')
  r - an uncursed ring of cold resistance (on left hand)
  w - an uncursed ring of invisibility (on right hand)
 Wands    ('/')
  k - a wand of sleep (0:6)
 Tools    ('(')
  b - an uncursed sack containing 3 items
  j - an uncursed bugle
  p - a +0 pick-axe (alternate weapon; not wielded)
  i - an uncursed tin whistle
  f - a tinning kit (0:55)
 Gems/Stones  ('*')
  g - an uncursed touchstone

Contents of the sack:
  74 gold pieces
  a cursed potion of paralysis
  an uncursed potion of object detection

LDaviesPeters the Archeologist's attributes:

Background:
 You were a Field Worker, a level 3 female human Archeologist.
 You were neutral, nominally on a mission for Camaxtli
 who was opposed by Quetzalcoatl (lawful) and Huhetotl (chaotic).
 You were right-handed.
 You were in the Dungeons of Doom, on level 4.
 You entered the dungeon 1874 turns ago.
 You had 65 experience points, 15 more were needed to attain level 4.

Basics:
 You had 0 out of 18 hit points.
 You had all 12 energy points (spell power).
 Your armor class was 9.
 Your wallet was empty, but
 you had 74 zorkmids stashed away in your pack.
 Autopickup was off.

Final Characteristics:
 Your strength was 11 (limit:18/100).
 Your dexterity was 13 (limit:18).
 Your constitution was 11 (limit:18).
 Your intelligence was 16 (limit:18).
 Your wisdom was 15 (limit:18).
 Your charisma was 9 (limit:18).

Final Status:
 You weren't hungry.
 You were unencumbered.
 You were wielding a whip.
 You had basic skill with whip.

Final Attributes:
 You were devoutly aligned.
 You were cold resistant.
 Your items were protected from cold.
 You were telepathic.
 You had automatic searching.
 You were invisible.
 You were lucky.
 You are dead.

Miscellaneous:
 You didn't encounter any bones levels.
 Total elapsed playing time was 14 minutes.

Major events:
 Turn
    1: LDaviesPeters the neutral female human Archeologist entered the dungeon
  550: entered the Gnomish Mines
 1087: attained the rank of Field Worker (level 3)
 1874: killed by a giant bat

You didn't know any spells.

Skills:
 Fighting Skills
   bare handed combat [Unskilled]
   two weapon combat  [Unskilled]
   riding             [Unskilled]
 Weapon Skills
   dagger             [Unskilled]
   knife              [Unskilled]
   pick-axe           [Basic]
   short sword        [Unskilled]
   saber              [Unskilled]
   club               [Unskilled]
   quarterstaff       [Unskilled]
   sling              [Unskilled]
   dart               [Unskilled]
   boomerang          [Unskilled]
   whip               [Basic]
   unicorn horn       [Unskilled]
 Spellcasting Skills
   attack spells      [Unskilled]
   healing spells     [Unskilled]
   divination spells  [Unskilled]
   matter spells      [Unskilled]

Voluntary challenges:
 Character rerolling was not enabled.
 You were an atheist.
 You never genocided any monsters.
 You never polymorphed an object.
 You never changed form.
 You used no wishes.
Achievements:
 You entered the Gnomish Mines.
 You attained the rank of Field Worker.

 The Dungeons of Doom: levels 1 to 5
    Level 1:
    Level 2:
       A fountain, a grave.
       Stairs down to The Gnomish Mines.
    Level 3:
       Many fountains.
    Level 4: <- You were here.
       A fountain.
       Final resting place for
          you, killed by a giant bat.
    Level 5:
 The Gnomish Mines:
    Level 3:


Vanquished creatures:
  a floating eye
 an acid blob
  a hobbit
  a giant rat
  2 yellow molds
  a green mold
  5 jackals
  2 foxes
  3 sewer rats
  5 grid bugs
  4 lichens
  a kobold zombie
  7 newts
34 creatures vanquished.

No species were genocided or became extinct.

Game over:
                       ----------
                      /          \
                     /    REST    \
                    /      IN      \
                   /     PEACE      \
                  /                  \
                  |  LDaviesPeters   |
                  |      74 Au       |
                  |   killed by a    |
                  |    giant bat     |
                  |                  |
                  |                  |
                  |       2026       |
                 *|     *  *  *      | *
        _________)/\\_//(\/(/\)/\//\/|_)_______

Goodbye LDaviesPeters the Archeologist...

You died in The Dungeons of Doom on dungeon level 4 with 527 points,
and 74 pieces of gold, after 1874 moves.
You were level 3 with a maximum of 18 hit points when you died.

